 Dungeon Crawl Stone Soup version 0.30.0 (webtiles) character file.

Game seed: 5828740131219597916

140 jagoly the Digger (level 5, -1/38 HPs)
             Began as a Meteoran Earth Elementalist on May 9, 2023.
             Slain by a kobold
             ... wielding a +0 dagger
              (2 damage)
             ... in a sewer.
             The game lasted 00:06:56 (857 turns).

jagoly the Digger (Meteoran Earth Elementalist)      Turns: 857, Time: 00:06:57

Health: -1/38      AC:  2    Str:  9    XL:     5   Next: 77%
Magic:  2/12       EV: 12    Int: 19    God:
Gold:   18         SH:  0    Dex: 14    Spells: 11/12 levels left

rFire   + . .        c - +0 dagger
rCold   . . .        (no shield)
rNeg    . . .        a - +0 robe
rPois   .            (no helmet)
rElec   .            (no cloak)
rCorr   .            (no gloves)
SInv    .            (no boots)
Will    .....        (no amulet)
Stlth   +            e - ring of protection from fire
HPRegen 0.26/turn    (no ring)
MPRegen 0.13/turn

%: no passive effects
@: glowing
A: sense surroundings 1, otherworldly, glowing, explore regen
a: no special abilities


You were in a sewer.
You visited 1 branch of the dungeon, and saw 4 of its levels.
You also visited: Sewer.

You collected 18 gold pieces.

Inventory:

Hand Weapons
 c - a +0 dagger (weapon)
 p - a +0 hand axe of venom
Missiles
 h - 12 stones
Armour
 a - a +0 robe (worn)
Jewellery
 e - a ring of protection from fire (left hand)
Scrolls
 d - 2 scrolls of fear {unknown}
 f - a scroll of enchant armour {unknown}
 g - a scroll of silence {unknown}
 i - a scroll of teleportation {unknown}
 k - a scroll of enchant weapon {unknown}
 m - 2 scrolls of blinking {unknown}
 n - a scroll of vulnerability {unknown}
 o - a scroll of noise {unknown}
 q - a scroll of fog {unknown}
Potions
 b - a potion of magic
 j - a potion of ambrosia {unknown}
 l - a potion of cancellation {unknown}


   Skills:
 - Level 2.4 Dodging
 - Level 2.0 Stealth
 - Level 4.0 Spellcasting
 - Level 1.2 Transmutations
 * Level 5.9 Earth Magic


You had 11 spell levels left.
You knew the following spells:

 Your Spells              Type           Power      Damage    Failure   Level
a - Sandblast             Erth           52%        2d12      1%          1

Your spell library contained the following spells:

 Spells                   Type           Power      Damage    Failure   Level
 Passwall                 Tmut/Erth      14%        N/A       4%          2
 Stone Arrow              Conj/Erth      30%        3d8       12%         3
 Petrify                  Tmut/Erth      17%        N/A       32%         4


Dungeon Overview and Level Annotations

Branches:
Dungeon (4/15) Zot: 1546    Sewer (1/1) Zot: 563
 Temple: D:4-7

Altars:


Innate Abilities, Weirdness & Mutations

You passively map a small area around you.
You are easily found by Zot.
You glow in the dark.
You regain HP and MP as you explore.


Message History

The hobgoblin shouts!
Cast which spell? (? or * to list)
Aiming: Sandblast (safe; 3% risk of failure)
Press: ? - help, Shift-Dir - straight line, f - hobgoblin
Aim: a hobgoblin (82% to hit)
The blast of sand hits the hobgoblin.
You kill the hobgoblin!
You see here a frilled lizard corpse.
Magic restored.
Found 8 gold pieces.
You now have 8 gold pieces.
Found a scroll labelled GETHAUFEEN.
i - a scroll labelled GETHAUFEEN
Found 5 stones.
h - 10 stones (gained 5)
Found 10 gold pieces.
You now have 18 gold pieces (gained 10).
Found a clear potion.
j - a clear potion You open the door.
Found a stone staircase leading down.
An endoplasm comes into view.
There is an open door here.
Cast which spell? (? or * to list)
Aiming: Sandblast (safe; 3% risk of failure)
Press: ? - help, Shift-Dir - straight line, f - endoplasm
Aim: an endoplasm (asleep, 100% to hit)
The blast of sand hits the endoplasm!
You kill the endoplasm!
There is a stone staircase leading down here.
You climb downwards.
Magic restored.
Found a whip.
There is a stone staircase leading up here.
You see here a +0 whip.
A frilled lizard comes into view.
Cast which spell? (? or * to list)
Aiming: Sandblast (safe; 3% risk of failure)
Press: ? - help, Shift-Dir - straight line, f - frilled lizard
Aim: a frilled lizard (asleep, 100% to hit)
The blast of sand hits the frilled lizard!
You kill the frilled lizard!
Your Spellcasting skill increases to level 3!
Found a stone staircase leading down.
You see here a frilled lizard corpse.
There is a stone staircase leading down here.
You climb downwards.
You hear the sound of rushing water.
There is an entrance to a sewer on this level.
Hurry and find it before the portal rusts away!
Magic restored.
Found a scroll labelled CUODE ALAILI and a plate armour.
There is a stone staircase leading up here.
k - a scroll labelled CUODE ALAILI
Found a rapier.
An adder comes into view.
The adder hisses angrily.
Cast which spell? (? or * to list)
Aiming: Sandblast (safe; 3% risk of failure)
Press: ? - help, Shift-Dir - straight line, f - adder
Aim: an adder (70% to hit)
The blast of sand misses the adder.
The adder bites you. The adder barely misses you.
Cast which spell? (? or * to list)
Aiming: Sandblast (safe; 3% risk of failure)
Press: ? - help, Shift-Dir - straight line, f/p - adder
Aim: an adder (70% to hit)
The blast of sand hits the adder.
The adder is moderately wounded.
The adder bites you but does no damage. The adder barely misses you.
Cast which spell? (? or * to list)
Aiming: Sandblast (safe; 3% risk of failure)
Press: ? - help, Shift-Dir - straight line, f/p - adder
Aim: an adder (moderately wounded, 70% to hit)
The blast of sand misses the adder.
The adder closely misses you. The adder bites you but does no damage.
Cast which spell? (? or * to list)
Aiming: Sandblast (safe; 3% risk of failure)
Press: ? - help, Shift-Dir - straight line, f/p - adder
Aim: an adder (moderately wounded, 70% to hit)
The blast of sand hits the adder!
You kill the adder!
You have reached level 3!
Your experience leads to an increase in your attributes!
Increase (S)trength, (I)ntelligence, or (D)exterity?
You feel clever. x3
Found a war axe.
You see here an adder corpse.
An orc comes into view. It is wielding a +0 hand axe of venom.
You hear the slow rusting of a very distant drain.
Magic restored.
A frilled lizard comes into view.
The frilled lizard hisses angrily.
The frilled lizard closely misses you.
Cast which spell? (? or * to list)
Aiming: Sandblast (safe; 2% risk of failure)
Press: ? - help, Shift-Dir - straight line, f - frilled lizard
Aim: a frilled lizard (70% to hit)
The blast of sand hits the frilled lizard!
You kill the frilled lizard!
Unknown command.
You hear the slow rusting of a very distant drain.
A goblin comes into view. It is wielding a +0 dagger.
Found an escape hatch in the floor.
The goblin shouts!
Cast which spell? (? or * to list)
Aiming: Sandblast (safe; 2% risk of failure)
Press: ? - help, Shift-Dir - straight line, f - goblin
Aim: a goblin, wielding a +0 dagger (77% to hit)
The blast of sand hits the goblin!
You kill the goblin!
Things that are here:
a +0 dagger; a goblin corpse
Found a blue potion.
l - a blue potion
Found a stone staircase leading down.
There is a stone staircase leading down here.
You climb downwards.
The ball python hisses angrily. x2
The endoplasm quivers.
There is a stone staircase leading up here.
Cast which spell? (? or * to list)
Aiming: Sandblast (safe; 2% risk of failure)
Press: ? - help, Shift-Dir - straight line, f - ball python
Aim: a ball python (80% to hit)
The blast of sand hits the ball python!
You kill the ball python!
Cast which spell? (? or * to list)
Aiming: Sandblast (safe; 2% risk of failure)
Press: ? - help, Shift-Dir - straight line, f - ball python
Aim: a ball python (80% to hit)
The blast of sand misses the ball python.
The ball python barely misses you. x2; The endoplasm hits you.
Cast which spell? (? or * to list)
Aiming: Sandblast (safe; 2% risk of failure)
Press: ? - help, Shift-Dir - straight line, f/p - ball python
Aim: a ball python (80% to hit)
The blast of sand hits the ball python.
You kill the ball python!
The endoplasm closely misses you.
Cast which spell? (? or * to list)
Aiming: Sandblast (safe; 2% risk of failure)
Press: ? - help, Shift-Dir - straight line, f - endoplasm
Aim: an endoplasm (98% to hit)
The blast of sand hits the endoplasm.
You kill the endoplasm!
You climb upwards.
You hear the sound of rushing water.
There is an entrance to a sewer on this level.
Hurry and find it before the portal rusts away!
You hear the slow rusting of a very distant drain.
There is a stone staircase leading down here.
Found a scroll labelled PEQOUX ADYSINTI.
m - a scroll labelled PEQOUX ADYSINTI
Okay, then.
Magic restored.
Found a scroll labelled SAAT WONAFUTT.
Found a robe.
Found a scale mail.
n - a scroll labelled SAAT WONAFUTT You see here a +0 robe.
Found a dagger.
Found a stone staircase leading up.
Found a leather armour.
There is a stone staircase leading up here.
You climb upwards.
There is a stone staircase leading down here.
You climb downwards.
You hear the sound of rushing water.
There is an entrance to a sewer on this level.
Hurry and find it before the portal rusts away!
There is a stone staircase leading up here.
Found a stone staircase leading down.
Found an escape hatch in the ceiling.
Found a stone staircase leading down.
You hear the slow rusting of a drain nearby.
You open the door.
There is an open door here.
An endoplasm comes into view.
Found a stone staircase leading up.
The endoplasm quivers.
Cast which spell? (? or * to list)
You can't see any susceptible monsters within range! (Use Z to cast anyway.) Unknown command.
Cast which spell? (? or * to list)
Aiming: Sandblast (safe; 2% risk of failure)
Press: ? - help, Shift-Dir - straight line, f - endoplasm
Aim: an endoplasm (98% to hit)
The blast of sand hits the endoplasm!
You kill the endoplasm!
There is a stone staircase leading up here.
You climb upwards.
Found a scroll labelled PEQOUX ADYSINTI.
There is a stone staircase leading down here.
Found a scroll labelled KYH VUMUETU.
Found a scroll labelled TOYDABBIUPO.
A kobold comes into view. It is wielding a +0 dagger.
You see here a scroll labelled TOYDABBIUPO.
d - 2 scrolls labelled TOYDABBIUPO (gained 1)
The kobold shouts!
Cast which spell? (? or * to list)
Aiming: Sandblast (safe; 2% risk of failure)
Press: ? - help, Shift-Dir - straight line, f - kobold
Aim: a kobold, wielding a +0 dagger (77% to hit)
The blast of sand hits the kobold!
You kill the kobold!
m - 2 scrolls labelled PEQOUX ADYSINTI (gained 1)
o - a scroll labelled KYH VUMUETU
There is a stone staircase leading down here.
You climb downwards.
You hear the sound of rushing water.
There is an entrance to a sewer on this level.
Hurry and find it before the portal rusts away!
There is a stone staircase leading up here.
You hear the rusting of a distant drain.
Found 2 stones.
Found a ring mail.
h - 12 stones (gained 2)
You see here a +0 ring mail.
You open the large door.
There is a large open door here.
There is a large open door here.
You hear the rusting of a very distant drain.
The orc shouts!
Cast which spell? (? or * to list)
Aiming: Sandblast (safe; 2% risk of failure)
Press: ? - help, Shift-Dir - straight line, f - orc
Aim: an orc, wielding a +0 hand axe of venom and wearing a +0 scale mail (84% to hit)
The blast of sand hits the orc but does no damage.
A goblin comes into view. It is wielding a +0 dagger.
Cast which spell? (? or * to list)
Aiming: Sandblast (safe; 2% risk of failure)
Press: ? - help, Shift-Dir - straight line, f/p - orc
Aim: an orc, wielding a +0 hand axe of venom and wearing a +0 scale mail (84% to hit)
The blast of sand hits the orc!
You kill the orc!
The goblin shouts!
Cast which spell? (? or * to list)
Aiming: Sandblast (safe; 2% risk of failure)
Press: ? - help, Shift-Dir - straight line, f - goblin
Aim: a goblin, wielding a +0 dagger (79% to hit)
The blast of sand hits the goblin!
You kill the goblin!
Things that are here:
a +0 hand axe of venom; a +0 scale mail
p - a +0 hand axe of venom You see here a +0 war axe.
Found a scroll labelled ENYSHR FAGGERGH.
q - a scroll labelled ENYSHR FAGGERGH You hear the brisk rusting of a very distant drain.
A worm, a river rat and a rat come into view.
A river rat comes into view.
The river rat twitches its whiskers.
Cast which spell? (? or * to list)
Aiming: Sandblast (safe; 2% risk of failure)
Press: ? - help, Shift-Dir - straight line, f - river rat
Aim: a river rat (81% to hit)
The blast of sand hits the river rat.
The river rat is lightly wounded.
Cast which spell? (? or * to list)
Aiming: Sandblast (safe; 2% risk of failure)
Press: ? - help, Shift-Dir - straight line, f - river rat
Aim: a river rat (81% to hit)
The blast of sand hits the river rat but does no damage.
Cast which spell? (? or * to list)
Aiming: Sandblast (safe; 2% risk of failure)
Press: ? - help, Shift-Dir - straight line, f - river rat, p - river rat
Aim: a river rat (lightly wounded, 81% to hit)
The blast of sand hits the rat!
You kill the rat!
The river rat twitches its whiskers.
The river rat bites you.
Cast which spell? (? or * to list)
Aiming: Sandblast (safe; 2% risk of failure)
Press: ? - help, Shift-Dir - straight line, f/p - river rat
Aim: a river rat (lightly wounded, 81% to hit)
The blast of sand hits the river rat but does no damage.
The river rat bites you. The river rat attacks as you move away!
The river rat bites you!
* * * LOW HITPOINT WARNING * * *
Cast which spell? (? or * to list)
Aiming: Sandblast (safe; 2% risk of failure)
Press: ? - help, Shift-Dir - straight line, f/p - river rat
Aim: a river rat (lightly wounded, 81% to hit)
The blast of sand hits the river rat!
The river rat is almost dead.
The river rat bites you.
* * * LOW HITPOINT WARNING * * *
The river rat bites you but does no damage.
Cast which spell? (? or * to list)
Aiming: Sandblast (safe; 2% risk of failure)
Press: ? - help, Shift-Dir - straight line, f/p - river rat
Aim: a river rat (lightly wounded, 81% to hit)
The blast of sand hits the river rat.
You kill the river rat!
You have reached level 4!
Cast which spell? (? or * to list)
Aiming: Sandblast (safe; 2% risk of failure)
Press: ? - help, Shift-Dir - straight line, f - worm, p - river rat
Aim: a worm (94% to hit)
The blast of sand hits the river rat!
You kill the river rat!
Training target 2.0 for Stealth reached!
Your Stealth skill increases to level 2!
You hear the brisk rusting of a drain very nearby.
There is a stone staircase leading down here.
You climb downwards.
There is a stone staircase leading up here.
Hit: c) +0 dagger
Press: ? - help, Dir - move target, f - ball python
Aim: a ball python (asleep, about 2% to evade your +0 dagger)
The helpless ball python fails to defend itself.
You puncture the ball python!
You kill the ball python!
You climb upwards.
You hear the sound of rushing water.
There is an entrance to a sewer on this level.
Hurry and find it before the portal rusts away!
There is a stone staircase leading down here.
Cast which spell? (? or * to list)
Aiming: Sandblast (safe; 1% risk of failure)
Press: ? - help, Shift-Dir - straight line, f - worm
Aim: a worm (94% to hit)
You miscast Sandblast.
You are very lightly contaminated with residual magic.
Nothing appears to happen.
Cast which spell? (? or * to list)
Aiming: Sandblast (safe; 1% risk of failure)
Press: ? - help, Shift-Dir - straight line, f/p - worm
Aim: a worm (94% to hit)
The blast of sand hits the worm!
The worm is heavily wounded.
Cast which spell? (? or * to list)
Aiming: Sandblast (safe; 1% risk of failure)
Press: ? - help, Shift-Dir - straight line, f/p - worm
Aim: a worm (moderately wounded, 94% to hit)
The blast of sand hits the worm!
You kill the worm!
Your magical contamination has completely faded away.
You see here a river rat corpse.
A river rat comes into view.
You see here a rat corpse.
Cast which spell? (? or * to list)
Aiming: Sandblast (safe; 1% risk of failure)
Press: ? - help, Shift-Dir - straight line, f - river rat
Aim: a river rat (81% to hit)
The blast of sand hits the river rat!
You kill the river rat!
You enter the shallow water.
Moving in this stuff is going to be slow.
You open the door.
A giant cockroach and a rat come into view.
Found a glowing drain.
Cast which spell? (? or * to list)
Aiming: Sandblast (safe; 1% risk of failure)
Press: ? - help, Shift-Dir - straight line, f - rat
Aim: a rat (83% to hit)
The blast of sand hits the giant cockroach!
You kill the giant cockroach!
A giant cockroach comes into view.
The giant cockroach barely misses you.
Your Earth Magic skill increases to level 5!
Cast which spell? (? or * to list)
Aiming: Sandblast (safe; 1% risk of failure)
Press: ? - help, Shift-Dir - straight line, f - giant cockroach
Aim: a giant cockroach (83% to hit)
The blast of sand hits the giant cockroach.
You kill the giant cockroach!
You hit the rat.
The rat is moderately wounded.
You hear the quick rusting of a drain.
The rat bites you.
Cast which spell? (? or * to list)
Aiming: Sandblast (safe; 1% risk of failure)
Press: ? - help, Shift-Dir - straight line, f - rat
Aim: a rat (moderately wounded, 83% to hit)
The blast of sand hits the rat!
You kill the rat!
There is an open door here.
Things that are here:
a rat corpse; a giant cockroach corpse You enter the shallow water.
Moving in this stuff is going to be slow.
There is a glowing drain here.
The world spins around you as you enter the gateway.
You enter a sewer!
Magic restored.
Found a gate leading back out of this place.
There is an empty arch of ancient stone here.
You open the door.
Okay, then.
There is an open door here.
You enter the shallow water.
Moving in this stuff is going to be slow.
An endoplasm comes into view.
The endoplasm quivers.
Cast which spell? (? or * to list)
You can't see any susceptible monsters within range! (Use Z to cast anyway.)
A ball python comes into view.
The ball python hisses angrily.
The ball python closely misses you. The ball python barely misses you.
Cast which spell? (? or * to list)
Aiming: Sandblast (safe; 1% risk of failure)
Press: ? - help, Shift-Dir - straight line, f - ball python
Aim: a ball python (81% to hit)
The blast of sand hits the ball python!
You kill the ball python!
Cast which spell? (? or * to list)
Aiming: Sandblast (safe; 1% risk of failure)
Press: ? - help, Shift-Dir - straight line, f - endoplasm
Aim: an endoplasm (98% to hit)
The blast of sand hits the endoplasm!
You kill the endoplasm!
You see here a ball python corpse.
You open the large door. 2 kobolds and 2 kobold brigands come into view.
A kobold brigand is wielding a +0 short sword and quivering poisoned darts.
A kobold brigand is wielding a +0 whip and quivering poisoned darts.
The kobold brigand shouts! x2; The kobold shouts!
Found a black potion, a blue potion and 2 amethyst potions.
Found a gate leading back out of this place.
Cast which spell? (? or * to list)
Aiming: Sandblast (safe; 1% risk of failure)
Press: ? - help, Shift-Dir - straight line, f - kobold brigand
Aim: a kobold brigand, wielding a +0 whip and quivering poisoned darts (79% to hit)
Okay, then.
Cast which spell? (? or * to list)
Aiming: Sandblast (safe; 1% risk of failure)
Press: ? - help, Shift-Dir - straight line, f - kobold brigand
Aim: a kobold brigand, wielding a +0 whip and quivering poisoned darts (79% to hit)
The blast of sand hits the kobold brigand!
The kobold brigand is moderately wounded.
The kobold brigand hits you but does no damage.
Cast which spell? (? or * to list)
Aiming: Sandblast (safe; 1% risk of failure)
Press: ? - help, Shift-Dir - straight line, f - kobold brigand, p - kobold brigand
Aim: a kobold brigand, wielding a +0 short sword and quivering poisoned darts (79% to hit)
The blast of sand hits the kobold brigand but does no damage.
The kobold brigand is moderately wounded.
The kobold brigand hits you with a +0 whip.
Cast which spell? (? or * to list)
Aiming: Sandblast (safe; 1% risk of failure)
Press: ? - help, Shift-Dir - straight line, f - kobold brigand, p - kobold brigand
Aim: a kobold brigand, wielding a +0 whip and quivering poisoned darts (moderately wounded, 79% to hit)
The blast of sand hits the kobold brigand!
The kobold brigand is severely wounded.
The kobold brigand hits you with a +0 whip.
Cast which spell? (? or * to list)
Aiming: Sandblast (safe; 1% risk of failure)
Press: ? - help, Shift-Dir - straight line, f/p - kobold brigand
Aim: a kobold brigand, wielding a +0 whip and quivering poisoned darts (severely wounded, 79% to hit)
The blast of sand hits the kobold brigand.
The kobold brigand is almost dead.
The kobold brigand hits you with a +0 whip.
The kobold misses you.
The kobold brigand hits you with a +0 whip.
The kobold brigand barely misses you.
Cast which spell? (? or * to list)
Aiming: Sandblast (safe; 1% risk of failure)
Press: ? - help, Shift-Dir - straight line, f/p - kobold brigand
Aim: a kobold brigand, wielding a +0 whip and quivering poisoned darts (almost dead, 79% to hit)
The blast of sand hits the kobold brigand.
You kill the kobold brigand!
The kobold brigand hits you with a +0 short sword!
* * * LOW HITPOINT WARNING * * *
The kobold hits you with a +0 dagger.
* * * LOW HITPOINT WARNING * * *
The kobold hits you with a +0 dagger.
* * * LOW HITPOINT WARNING * * *
Training target 4.0 for Spellcasting reached!
Your Spellcasting skill increases to level 4!
You have reached level 5!
You aren't carrying any items that you can evoke.
Unknown command.
Cast which spell? (? or * to list)
Aiming: Sandblast (safe; 1% risk of failure)
Press: ? - help, Shift-Dir - straight line, f - kobold brigand
Aim: a kobold brigand, wielding a +0 short sword and quivering poisoned darts (79% to hit)
The blast of sand misses the kobold brigand.
The kobold hits you with a +0 dagger.
* * * LOW HITPOINT WARNING * * *
The kobold brigand closely misses you. The kobold hits you with a +0 dagger.
* * * LOW HITPOINT WARNING * * *
The kobold hits you with a +0 dagger.
* * * LOW HITPOINT WARNING * * *
The kobold hits you with a +0 dagger.
* * * LOW HITPOINT WARNING * * *
The kobold brigand hits you with a +0 short sword.
* * * LOW HITPOINT WARNING * * *
Cast which spell? (? or * to list)
Aiming: Sandblast (safe; 1% risk of failure)
Press: ? - help, Shift-Dir - straight line, f/p - kobold brigand
Aim: a kobold brigand, wielding a +0 short sword and quivering poisoned darts (79% to hit)
The blast of sand hits the kobold brigand.
The kobold brigand is moderately wounded.
The kobold brigand barely misses you. The kobold barely misses you.
The kobold hits you with a +0 dagger.
* * * LOW HITPOINT WARNING * * *
Okay, then.
Cast which spell? (? or * to list)
Aiming: Sandblast (safe; 1% risk of failure)
Press: ? - help, Shift-Dir - straight line, f/p - kobold brigand
Aim: a kobold brigand, wielding a +0 short sword and quivering poisoned darts (moderately wounded, 79% to hit)
The blast of sand hits the kobold brigand!
The kobold brigand is heavily wounded.
The kobold brigand barely misses you. The kobold hits you with a +0 dagger.
* * * LOW HITPOINT WARNING * * *
The kobold hits you but does no damage. The kobold hits you with a +0 dagger.
You die...

#∩∩.#~≈~#
#...'~~~#
######~≈~#
#..!.#~≈~# , ,
#.!∩.#~≈~#
#!...#~≈~# , ,
#!...#~≈~# ,
##KK##~~~#
#.K@)#~≈~# ,
###...†#~≈~# ,
#....~~~~≈~#
##...P~~~≈~#
#...~P#~≈~# ,,
#....~~#~~~# ,
#......#~≈~#
~~ ,
#..P...#~≈~~ ,
,
#......#~≈~~~~


You could see a kobold brigand and 2 kobolds.

Vanquished Creatures
  A kobold brigand (Sewer)
  An adder (D:3)
  3 river rats (D:3)
  A worm (D:3)
  An orc (D:3)
  4 ball pythons
  5 endoplasms
  2 giant cockroaches (D:3)
  2 goblins (D:3)
  A hobgoblin (D:1)
  3 jackals (D:1)
  2 kobolds
  3 frilled lizards
  2 rats (D:3)
31 creatures vanquished.

Notes
Turn   | Place    | Note
-------+----------+-------------------------------------------
     0 | D:1      | jagoly the Meteoran Earth Elementalist began the quest for
                  | the Orb.
     0 | D:1      | Reached XP level 1. HP: 14/14 MP: 5/5
    30 | D:1      | Reached XP level 2. HP: 20/20 MP: 1/6
    78 | D:1      | Reached skill level 4 in Earth Magic
   422 | D:3      | Reached XP level 3. HP: 23/26 MP: 4/8
   777 | D:3      | Reached XP level 4. HP: 10/33 MP: 3/9
   823 | D:3      | Found a glowing drain.
   825 | D:3      | Reached skill level 5 in Earth Magic
   832 | Sewer    | Entered a sewer
   849 | Sewer    | Noticed a kobold brigand
   849 | Sewer    | Noticed a kobold brigand
   854 | Sewer    | Killed a kobold brigand
   855 | Sewer    | Reached XP level 5. HP: 13/38 MP: 5/12
   857 | Sewer    | HP: 1/38 [kobold/+0 dagger (1)]
   857 | Sewer    | Slain by a kobold

Illustrated notes

Levels and vault maps discovered:
D:1:      roderic_octagonal_star, layout_basic
D:2:      layout_loops_corners, minmay_tromino_v4_a, uniq_natasha, uniq_robin
D:3:      layout_basic, portal_sewer_entry_e
D:4:      layout_rooms, nemelex_spade_bored_becter,
          mainiacjoe_overflow_cross_hatched, hellmonk_ghost_happy_afterlife,
          minmay_shop_grid_forest, kennysheep_generic_room_4, uniq_menkaure
Sewer:    kennysheep_pipe_town

Skill      XL: |  1  2  3  4 |
---------------+-------------+-----
Earth Magic    | 4 5 |  5.9
Spellcasting   | 3 4 |  4.0
Stealth        | 2 |  2.0
Dodging        | |  2.4
Transmutations | |  1.2

Action                     |  1- 3 |  4- 6 || total
---------------------------+-------+-------++-------
  Melee: Dagger            |       |     2 ||     2
   Cast: Sandblast         |    33 |    17 ||    50
   Stab: Sleeping          |       |     1 ||     1
 Armour: Robe              |     3 |     2 ||     5
  Dodge: Dodged            |     7 |     9 ||    16
